 Dungeon Crawl Stone Soup version 0.31-a0-227-ga22c3bf811 (webtiles) character file.

Game seed: 17278469190199608375

44 Kasper the Trooper (level 3, 33/33 HPs)
             Began as a Minotaur Berserker on July 6, 2023.
             Was a Believer of Trog.
             Quit the game on level 2 of the Dungeon.
             The game lasted 00:09:34 (1466 turns).

Kasper the Trooper (Minotaur Berserker)             Turns: 1466, Time: 00:09:35

Health: 33/33      AC:  7    Str: 23    XL:     3   Next: 39%
Magic:  2/2        EV: 11    Int:  4    God:    Trog [**....]
Gold:   84         SH:  0    Dex:  9    Spells: 2/2 levels left

rFire   . . .        c - +0 short sword (speed)
rCold   . . .        (no shield)
rNeg    . . .        p - +0 ring mail
rPois   .            (helmet restricted)
rElec   .            (no cloak)
rCorr   .            f - +0 pair of gloves
SInv    .            l - +0 pair of boots
Will    .....        j - amulet of guardian spirit Stlth
                     (no ring)
HPRegen 0.25/turn    (no ring)
MPRegen 0.08/turn

%: guardian spirit
@: no status effects
A: horns 2, retaliatory headbutt
a: Renounce Religion, Berserk, Trog's Hand


You were on level 2 of the Dungeon.
You worshipped Trog.
Trog was pleased with you.
You visited 1 branch of the dungeon, and saw 2 of its levels.

You collected 84 gold pieces.

Inventory:

Hand Weapons
 a - a +0 spear
 c - a +0 short sword of speed (weapon)
Armour
 b - a +0 animal skin
 f - a +0 pair of gloves (worn)
 l - a +0 pair of boots (worn)
 o - a +0 leather armour
 p - a +0 ring mail (worn)
Magical Staves
 k - a staff of death
Jewellery
 j - an amulet of guardian spirit (around neck)
Scrolls
 d - a scroll of revelation {unknown}
 e - a scroll of noise {unknown}
 g - a scroll of enchant armour {unknown}
 h - a scroll of immolation {unknown}
 i - a scroll of brand weapon {unknown}
 m - a scroll of identify {unknown}
 n - a scroll of poison {unknown}


   Skills:
 + Level 4.3 Fighting
 + Level 0.6 Short Blades
 + Level 4.3 Polearms
 + Level 2.6 Armour
 + Level 2.7 Dodging


You had 2 spell levels left.
You didn't know any spells.
Your spell library was empty.

Dungeon Overview and Level Annotations

Branches:
Dungeon (2/15)

Altars:


Innate Abilities, Weirdness & Mutations

You have a pair of horns on your head.
You reflexively headbutt those who attack you in melee.


Message History

You hit the endoplasm.
You kill the endoplasm!
Trog accepts your kill.
A hobgoblin comes into view.
The hobgoblin closely misses you.
You hit the hobgoblin.
The hobgoblin is moderately wounded.
You hit the hobgoblin.
The hobgoblin is heavily wounded.
The hobgoblin hits you.
You closely miss the hobgoblin. Your headbutt misses the hobgoblin.
The hobgoblin is heavily wounded.
The hobgoblin hits you but does no damage.
You barely miss the hobgoblin.
The hobgoblin is heavily wounded.
You barely miss the hobgoblin. Your headbutt misses the hobgoblin.
The hobgoblin is heavily wounded.
The hobgoblin closely misses you. You furiously retaliate!
You headbutt the hobgoblin.
You kill the hobgoblin!
Trog accepts your kill.
Found a ring mail.
Found a stone staircase leading up.
Found a stone staircase leading down.
You see here a +0 ring mail.
You start removing your armour.
You continue taking off your +0 leather armour. x4
You finish taking off your +0 leather armour.
You start putting on your armour.
You continue putting on your +0 ring mail. x5
You finish putting on your +0 ring mail.
Okay, then.
A hobgoblin comes into view.
You hit the hobgoblin. You punch the hobgoblin.
The hobgoblin is severely wounded.
The hobgoblin barely misses you.
You hit the hobgoblin.
You kill the hobgoblin!
Trog accepts your kill.
Are you sure you want to abandon this character and quit the game? (Confirm with "yes".)

##.######. #.#
##.# ...# .### #
.## .# ..########
# ####.#
#.........
#.##....#####
..#######.
#....@....... .##
####.######## .#
#.# .# #.# .# #.#
.# #.# .#
#.#####.# .#
#.......#
.#############..#


There were no monsters in sight!

Vanquished Creatures
  A worm (D:2)
  2 endoplasms
  A giant cockroach (D:1)
  8 hobgoblins
  7 jackals (D:1)
  3 quokkas
  A ball python (D:1)
  3 bats (D:1)
  2 frilled lizards (D:1)
  2 goblins
  3 kobolds
  2 rats
35 creatures vanquished.

Notes
Turn   | Place    | Note
-------+----------+-------------------------------------------
     0 | D:1      | Kasper the Minotaur Berserker began the quest for the Orb.
     0 | D:1      | Reached XP level 1. HP: 19/19 MP: 0/0
   216 | D:1      | Reached XP level 2. HP: 27/27 MP: 1/1
   852 | D:1      | Reached XP level 3. HP: 32/33 MP: 2/2
  1253 | D:2      | Reached ** piety under Trog
  1466 | D:2      | Quit the game

Illustrated notes

Levels and vault maps discovered:
D:1:      sevenhm_arrival_forest_fort_large_2, layout_basic,
          nicolae_twisty_statue_hallways
D:2:      layout_loops_ring, dreamdust_ecumenical_altar_grove, basic_altar

Skill      XL: |  1  2 |
---------------+-------+-----
Fighting       | 4 |  4.3
Polearms       | 4 |  4.3
Short Blades   | |  0.6
Armour         | |  2.6
Dodging        | |  2.7

Action                     || total
---------------------------++-------
  Melee: Short sword       ||   106
         Headbutt          ||     9
         Spear             ||     1
         Punch             ||     2
 Invoke: Berserk           ||     3
 Armour: Animal skin       ||    22
         Leather armour    ||     2
  Dodge: Dodged            ||    54

Table legend: (Time is in decaauts)
 A = Elapsed time spent in this place.
 B = Non-inter-level travel time spent in this place.
 C = Inter-level travel time spent in this place.
 D = Time resting spent in this place.
 E = Time spent auto-exploring this place.
 F = Levels seen in this place.
 G = Mean time per level.
                   A        B        C        D        E       F      G
               +--------+--------+--------+--------+--------+-----+--------+
         Total |   1462 |   1197 |    265 |     75 |    826 |   2 |  731.0 |
       Dungeon |   1462 |   1197 |    265 |     75 |    826 |   2 |  731.0 |
               +--------+--------+--------+--------+--------+-----+--------+

Top non-repeatable levels by time:
     D:1: 1228 daAuts
     D:2: 233 daAuts
